 Dungeon Crawl Stone Soup version 0.21.1-1-g345015f (webtiles) character file.

124 tidbits the Grave Robber (level 5, -1/37 HPs)
             Began as a Gnoll Necromancer on June 20, 2018.
             Slain by a black bear (4 damage)
             ... on level 5 of the Dungeon.
             The game lasted 00:06:48 (827 turns).

tidbits the Grave Robber (Gnoll Necromancer)         Turns: 827, Time: 00:06:48

Health: -1/37      AC:  5    Str: 16    XL:     5   Next: 8%
Magic:  6/12       EV: 15    Int: 19    God:
Gold:   69         SH:  0    Dex: 15    Spells: 1/14 levels left

rFire    . . .     SeeInvis .   f - +0 hand axe
rCold    . . .     Gourm    .   (no shield)
rNeg     . . .     Faith    .   a - +0 robe
rPois    .         Spirit   .   E - +0 helmet
rElec    .         Reflect  .   (no cloak)
rCorr    .         Harm     .   G - +1 pair of gloves
MR       .....                  (no boots)
Stlth    +++.......             (no amulet)
HPRegen  0.12/turn              w - +6 ring of strength
MPRegen  0.13/turn              (no ring)

@: no status effects
A: distributed training, fangs 1, strong nose
a: no special abilities


You were on level 5 of the Dungeon.
You were not hungry.

You visited 1 branch of the dungeon, and saw 5 of its levels.

You collected 69 gold pieces.

Inventory:

Hand Weapons
 f - a +0 hand axe (weapon)
 t - a +0 blowgun
Missiles
 e - 13 stones (quivered)
 g - 10 arrows
Armour
 a - a +0 robe (worn)
 E - a +0 helmet (worn)
 G - a +1 pair of gloves (worn)
Jewellery
 w - a +6 ring of strength (left hand)
   (You found it on level 4 of the Dungeon)
Scrolls
 d - 7 scrolls of teleportation
 k - a scroll of fog {unknown}
 l - 2 scrolls of identify {unknown}
 m - a scroll of amnesia {unknown}
 o - a scroll of noise {unknown}
 p - a scroll of enchant armour {unknown}
 r - 3 scrolls of remove curse
 v - a scroll of immolation {unknown}
Potions
 h - a potion of might
 i - a potion of berserk rage {unknown}
 j - a potion of magic {unknown}
 n - 3 potions of haste {unknown}
 q - a potion of invisibility {unknown}
 s - a potion of cancellation {unknown}
Books
 b - a book of Necromancy

   Spells                             Type                      Level
   a - Pain                           Necromancy                   1
   b - Animate Skeleton               Necromancy                   1
   c - Vampiric Draining              Necromancy                   3
   d - Regeneration                   Charms/Necromancy            3
   e - Animate Dead                   Necromancy                   4
   f - Borgnjor's Vile Clutch         Necromancy/Earth             5
 u - a book of Misfortune
   (You found it on level 3 of the Dungeon)

   Spells                             Type                      Level
   a - Confusing Touch                Hexes                        1
   b - Confuse                        Hexes                        3
   c - Gell's Gravitas                Translocation                3
   d - Petrify                        Transmutation/Earth          4
   e - Metabolic Englaciation         Hexes/Ice                    5
   f - Yara's Violent Unravelling     Hexes/Transmutation          5
Comestibles
 c - 3 rations


   Skills:
 + Level 1.3 Fighting
 + Level 1.3 Short Blades
 + Level 1.3 Long Blades
 + Level 1.3 Axes
 + Level 1.3 Maces & Flails
 + Level 1.3 Polearms
 + Level 1.3 Staves
 + Level 1.3 Slings
 + Level 1.3 Bows
 + Level 1.3 Crossbows
 + Level 1.3 Throwing
 + Level 1.3 Armour
 + Level 4.7 Dodging
 + Level 4.3 Stealth
 + Level 1.3 Shields
 + Level 1.3 Unarmed Combat
 + Level 5.1 Spellcasting
 + Level 1.0 Conjurations
 + Level 1.0 Hexes
 + Level 1.0 Charms
 + Level 1.0 Summonings
 + Level 7.1 Necromancy
 + Level 1.0 Translocations
 + Level 1.0 Transmutations
 + Level 1.0 Fire Magic
 + Level 1.0 Ice Magic
 + Level 1.0 Air Magic
 + Level 1.0 Earth Magic
 + Level 1.0 Poison Magic
 + Level 1.4 Invocations
 + Level 1.3 Evocations


You had one spell level left.
You knew the following spells:

 Your Spells              Type           Power        Failure   Level  Hunger
a - Pain                  Necr           ####         1%          1    None
d - Vampiric Draining     Necr           ####......   1%          3    ##.....
n - Animate Skeleton      Necr           N/A          1%          1    None
r - Regeneration          Chrm/Necr      ###.......   7%          3    ##.....
v - Borgnjor's Vile Clut  Necr/Erth      ###.......   52%         5    ######.


Dungeon Overview and Level Annotations

Branches:
Dungeon (5/15)
 Temple: D:4-7

Altars:
The Shining One

Shops:
D:4 }

Annotations:
D:3 Ethylacetat's ghost, amateur DsMo


Innate Abilities, Weirdness & Mutations

Your experience applies equally to all skills.
You have very sharp teeth.
Your uncanny sense of smell can sniff out nearby items.


Message History

Unknown command.
There is a stone staircase leading down here.
You climb downwards.
There is a stone staircase leading up here.
Unknown command.
Found a ration.
You see here a ration.
c - 2 rations (gained 1)
Found a scroll of teleportation.
Found a ration.
Found Gixe's Gadget Shop.
You see here a ration.
c - 3 rations (gained 1)
There is an entrance to Gixe's Gadget Shop here.
A frilled lizard comes into view.
You see here a scroll of teleportation.
d - 7 scrolls of teleportation (gained 1)
Casting: Pain
Confirm with . or Enter, or press ? or * to list all spells.
Aiming: Pain
Press: ? - help, Shift-Dir - straight line, f - frilled lizard
Aim: a frilled lizard (resting, chance to defeat MR: 93%)
The frilled lizard writhes in agony!
You kill the frilled lizard!
You have reached level 5!
This spell is very dangerous to cast!
Memorise Borgnjor's Vile Clutch, consuming 5 spell levels and leaving 1?
You start memorising the spell.
You continue memorising. x5
You finish memorising.
Spell assigned to 'v'.
A phantom comes into view.
The phantom blinks!
You open the door.
Found 20 bolts.
Found a stone staircase leading down.
There is an open door here.
There is a stone staircase leading down here.
You climb downwards.
An adder and a black bear come into view.
Found 22 stones.
There is a stone staircase leading up here.
Casting: Pain
Confirm with . or Enter, or press ? or * to list all spells.
Aiming: Pain
Press: ? - help, Shift-Dir - straight line, f - adder
Aim: an adder (chance to defeat MR: 89%)
The adder writhes in agony!
Casting: Pain
Confirm with . or Enter, or press ? or * to list all spells.
Aiming: Pain
Press: ? - help, Shift-Dir - straight line, f/p - adder
Aim: an adder (severely wounded, chance to defeat MR: 89%)
The adder writhes in agony!
You kill the adder!
Unknown command.
The helpless black bear fails to defend itself.
You hit the black bear.
The black bear is moderately wounded.
The black bear bites you. The black bear claws you.
The black bear barely misses you.
Casting: Pain
Confirm with . or Enter, or press ? or * to list all spells.
Aiming: Pain
Press: ? - help, Shift-Dir - straight line, f - black bear
Aim: a black bear (moderately wounded, chance to defeat MR: 84%)
The black bear writhes in agony!
The black bear bites you. The black bear barely misses you.
The black bear claws you but does no damage.
Casting: Pain
Confirm with . or Enter, or press ? or * to list all spells.
Aiming: Pain
Press: ? - help, Shift-Dir - straight line, f/p - black bear
Aim: a black bear (moderately wounded, chance to defeat MR: 84%)
The black bear writhes in agony!
The black bear misses you.
The black bear claws you but does no damage.
The black bear barely misses you.
Casting: Pain
Confirm with . or Enter, or press ? or * to list all spells.
Aiming: Pain
Press: ? - help, Shift-Dir - straight line, f/p - black bear
Aim: a black bear (heavily wounded, chance to defeat MR: 84%)
The black bear writhes in agony!
The black bear goes berserk!
Casting: Pain
Confirm with . or Enter, or press ? or * to list all spells.
Aiming: Pain
Press: ? - help, Shift-Dir - straight line, f/p - black bear
Aim: a black bear (severely wounded, berserk, fast, unusually strong, chance to defeat MR: 84%)
The black bear writhes in agony!
The black bear closely misses you. The black bear completely misses you.
The black bear claws you.
Casting: Pain
Confirm with . or Enter, or press ? or * to list all spells.
Aiming: Pain
Press: ? - help, Shift-Dir - straight line, f/p - black bear
Aim: a black bear (almost dead, berserk, fast, unusually strong, chance to defeat MR: 84%)
The black bear writhes in agony!
The black bear bites you. The black bear claws you.
* * * LOW HITPOINT WARNING * * *
The black bear closely misses you. The black bear bites you!
* * * LOW HITPOINT WARNING * * *
The black bear claws you.
You die...

∆ ##. ∆.# .. .#
..###.####
###........∆
#.(......#
#........#
#....h...#
####...@....#..
.......<......#
####........###
#........#
#........#
#.....####
#######


You could see a black bear (berserk).

Vanquished Creatures
  A worker ant (D:4)
  4 adders
  An ooze (D:2)
  An adder skeleton (D:4)
  2 worms (D:3)
  3 dart slugs
  2 leopard geckos
  An orc (D:3)
  2 ball pythons
  2 giant cockroaches (D:2)
  4 goblins
  3 hobgoblins
  2 jackals (D:2)
  4 kobolds
  5 bats
  5 frilled lizards
  4 rats
46 creatures vanquished.

Notes
Turn   | Place    | Note
-------+----------+-------------------------------------------
     0 | D:1      | tidbits the Gnoll Necromancer began the quest for the Orb.
     0 | D:1      | Reached XP level 1. HP: 13/13 MP: 6/6
    85 | D:1      | Reached XP level 2. HP: 15/19 MP: 5/7
    88 | D:1      | Learned a level 1 spell: Animate Skeleton
   201 | D:2      | Reached XP level 3. HP: 16/25 MP: 2/9
   206 | D:2      | Learned a level 3 spell: Regeneration
   210 | D:2      | Learned a level 3 spell: Vampiric Draining
   261 | D:2      | Reached skill level 5 in Spellcasting
   327 | D:2      | Reached skill level 1 in Invocations
   363 | D:2      | Reached skill level 1 in Fighting
   363 | D:2      | Reached skill level 1 in Short Blades
   363 | D:2      | Reached skill level 1 in Long Blades
   363 | D:2      | Reached skill level 1 in Axes
   363 | D:2      | Reached skill level 1 in Maces & Flails
   363 | D:2      | Reached skill level 1 in Polearms
   363 | D:2      | Reached skill level 1 in Staves
   363 | D:2      | Reached skill level 1 in Slings
   363 | D:2      | Reached skill level 1 in Bows
   363 | D:2      | Reached skill level 1 in Crossbows
   363 | D:2      | Reached skill level 1 in Throwing
   363 | D:2      | Reached skill level 1 in Armour
   363 | D:2      | Reached skill level 1 in Shields
   363 | D:2      | Reached skill level 1 in Unarmed Combat
   363 | D:2      | Reached skill level 1 in Evocations
   373 | D:2      | Reached XP level 4. HP: 16/32 MP: 1/11
   588 | D:3      | Noticed Ethylacetat's ghost (amateur DsMo)
   619 | D:4      | Found a glowing golden altar of the Shining One.
   625 | D:4      | Reached skill level 1 in Conjurations
   625 | D:4      | Reached skill level 1 in Hexes
   625 | D:4      | Reached skill level 1 in Charms
   625 | D:4      | Reached skill level 1 in Summonings
   625 | D:4      | Reached skill level 1 in Translocations
   625 | D:4      | Reached skill level 1 in Transmutations
   625 | D:4      | Reached skill level 1 in Fire Magic
   625 | D:4      | Reached skill level 1 in Ice Magic
   625 | D:4      | Reached skill level 1 in Air Magic
   625 | D:4      | Reached skill level 1 in Earth Magic
   625 | D:4      | Reached skill level 1 in Poison Magic
   707 | D:4      | Found Gixe's Gadget Shop.
   720 | D:4      | Reached XP level 5. HP: 30/37 MP: 10/12
   727 | D:4      | Learned a level 5 spell: Borgnjor's Vile Clutch
   794 | D:4      | Noticed a phantom
   818 | D:5      | Entered Level 5 of the Dungeon
   818 | D:5      | Noticed a black bear
   827 | D:5      | HP: 3/37 [black bear (12)]
   827 | D:5      | Slain by a black bear

Skill      XL: |  1  2  3  4 |
---------------+-------------+-----
Spellcasting   | 5 |  5.1
Invocations    | 1 |  1.4
Fighting       | 1 |  1.3
Short Blades   | 1 |  1.3
Long Blades    | 1 |  1.3
Axes           | 1 |  1.3
Maces & Flails | 1 |  1.3
Polearms       | 1 |  1.3
Staves         | 1 |  1.3
Slings         | 1 |  1.3
Bows           | 1 |  1.3
Crossbows      | 1 |  1.3
Throwing       | 1 |  1.3
Armour         | 1 |  1.3
Shields        | 1 |  1.3
Unarmed Combat | 1 |  1.3
Evocations     | 1 |  1.3
Conjurations   | 1 |  1.0
Hexes          | 1 |  1.0
Charms         | 1 |  1.0
Summonings     | 1 |  1.0
Translocations | 1 |  1.0
Transmutations | 1 |  1.0
Fire Magic     | 1 |  1.0
Ice Magic      | 1 |  1.0
Air Magic      | 1 |  1.0
Earth Magic    | 1 |  1.0
Poison Magic   | 1 |  1.0
Dodging        | |  4.7
Stealth        | |  4.3
Necromancy     | |  7.1

Action                   |  1- 3 |  4- 6 || total
-------------------------+-------+-------++-------
Melee: Hand axe          |    22 |    22 ||    44
       Bite              |     2 |       ||     2
       Punch             |       |     1 ||     1
 Cast: Pain              |    30 |    28 ||    58
       Regeneration      |     1 |     1 ||     2
  Use: Scroll            |     2 |       ||     2
       Potion            |     1 |       ||     1
 Stab: Sleeping          |     1 |     5 ||     6
Armor: Robe              |     3 |    11 ||    14
Dodge: Dodged            |    23 |    22 ||    45

Table legend:
 A = Turns spent in this place as a percentage of turns spent in the entire game.
 B = Non-inter-level travel turns spent in this place as a percentage of non-inter-level travel turns spent in the entire game.
 C = Inter-level travel turns spent in this place as a percentage of turns spent in this place.
 D = Turns resting spent in this place as a percentage of non-inter-level travel turns spent in this place.
 E = Turns spent auto-exploring this place as a percentage of non-inter-level travel turns spent in this place.
 F = Non-inter-level travel turns spent in this place divided by the number of levels of this place that you've seen.
                   A       B       C       D       E      F
               +-------+-------+-------+-------+-------+----------------------
         Total | 100.0 | 100.0 |   1.0 |   0.0 |   0.0 | 163.8
       Dungeon | 100.0 | 100.0 |   1.0 |   0.0 |   0.0 | 163.8
               +-------+-------+-------+-------+-------+----------------------

Table legend:
 A = Kills in this place as a percentage of kills in entire the game.
 B = Kills by you in this place as a percentage of kills by you in the entire game.
 C = Kills by friends in this place as a percentage of kills by friends in the entire game.
 D = Other kills in this place as a percentage of other kills in the entire game.
 E = Experience gained in this place as a percentage of experience gained in the entire game.
 F = Experience gained in this place divided by the number of levels of this place that you have seen.
                   A       B       C       D       E      F
               +-------+-------+-------+-------+-------+----------------------
         Total | 100.0 | 100.0 |   N/A |   N/A | 100.0 |  35.6
       Dungeon | 100.0 | 100.0 |   N/A |   N/A | 100.0 |  35.6
               +-------+-------+-------+-------+-------+----------------------

Vault maps used:
D:1:      dpeg_arrival_shelter, minivault_27, minmay_misc_feat_cross
D:2:      nicolae_overflow_crystal_walls, kennysheep_generic_room_13
D:3:      kennysheep_crisscross
D:4:      vehumet_statue, tso_metal_star, serial_shops, shop, first_ration
D:5:      lightli_temple_of_fire
